 Dungeon Crawl Stone Soup version 0.14-a0-1585-g835621a (webtiles) character file.

934 HollowCharge the Cudgeler (level 7, -1/76 HPs)
             Began as an Ogre Gladiator on Dec 22, 2013.
             Was an Initiate of Okawaru.
             Slain by a rat (3 damage)
             ... on Level 6 of the Dungeon.
             The game lasted 00:41:57 (6925 turns).

HollowCharge the Cudgeler (Ogre Gladiator)          Turns: 6925, Time: 00:41:58

HP  -1/76        AC  3     Str 23      XL: 7   Next: 76%
MP   7/7         EV 11     Int  7      God: Okawaru [......]
Gold 190         SH  0     Dex 10      Spells:  0 memorised,  6 levels left

rFire  . . .     SeeInvis .     B - +2 mace (pain)
rCold  . . .     Clarity  .     q - +0 orc robe
rNeg   . . .     Conserve .     (shield restricted)
rPois  .         rCorr    .     c - +0 cap
rElec  .         rRot     .     (no cloak)
SustAb . .       Spirit   .     (gloves unavailable)
rMut   .         Warding  .     (boots unavailable)
Saprov + . .     Stasis   .     (no amulet)
                                (no ring)
                                (no ring)

@: about to teleport, very slightly contaminated, drained, slightly resistant to
hostile enchantments, unstealthy
A: unfitting armour, fast metabolism 1, saprovore 1, tough skin 1
a: Renounce Religion


You were on level 6 of the Dungeon.
You worshipped Okawaru.
Okawaru was noncommittal.
You were not hungry.

You visited 2 branches of the dungeon, and saw 7 of its levels.

You collected 286 gold pieces.
You spent 96 gold pieces at shops.

Inventory:

Hand weapons
 e - a +1,+0 orcish mace
 s - a +0,+0 giant spiked club
 B - a +2,+2 mace of pain (weapon)
Missiles
 u - a throwing net [torn] (quivered)
Armour
 b - a +0 animal skin
 c - a +0 cap (worn)
 q - a +0 orcish robe (worn)
Comestibles
 f - 2 meat rations
 i - 4 bread rations
 k - a royal jelly
 w - a banana
 z - 3 rotting chunks of orc flesh
 A - a rotting chunk of rat flesh
 C - a chunk of rat flesh
 D - a chunk of grey rat flesh
 E - a cheese
Scrolls
 a - a scroll of silence {unknown}
 d - a scroll of recharging
 g - a scroll of teleportation
 h - 2 scrolls of remove curse
 j - 3 scrolls of blinking
 m - a scroll of enchant armour
 r - 2 scrolls of amnesia
 t - a scroll of enchant weapon I {unknown}
 v - a scroll of fog {unknown}
 x - 3 scrolls of enchant weapon II
 y - a scroll of identify
Potions
 n - a potion of cure mutation
 p - 2 potions of curing
Books
 o - a book of the Dragon

   Spells                             Type                      Level
   Flight                             Charms/Air                   3
   Cause Fear                         Hexes                        4
   Bolt of Fire                       Conjuration/Fire             6
   Dragon Form                        Transmutation                7
   Summon Dragon                      Summoning                    9


   Skills:
 + Level 6.9(6.4) Fighting
 + Level 7.3(6.8) Maces & Flails
 - Level 2.1(1.7) Throwing
 + Level 5.1(4.7) Dodging


You had 6 spell levels left.
You didn't know any spells.

Dungeon Overview and Level Annotations

Branches:
Dungeon (6/16)             Temple (1/1) D:5

Altars:
Ashenzari
Cheibriados
Elyvilon
Fedhas
Kikubaaqudgha
Makhleb
Nemelex Xobeh
Okawaru
Trog
Vehumet
Yredelemnul

Shops:
D:5 %   D:6 (


Innate Abilities, Weirdness & Mutations

You are too large for most types of armour.
You have a fast metabolism.
You can tolerate rotten meat.
You have tough skin (AC +1).


Message History

You closely miss the orange rat.
The orange rat is almost dead.
The orange rat misses you.
You hit the orange rat but do no damage.
The orange rat is almost dead.
The orange rat closely misses you.
The rat twitches its whiskers.
The orange rat bites you!
* * * LOW HITPOINT WARNING * * *
You feel better. The orange rat bites you!
* * * LOW HITPOINT WARNING * * *
Blink to where?
Press: ? - help, Dir - move target cursor, p - orange rat
As you read the scroll of blinking, it crumbles to dust.
You are very lightly contaminated with residual magic.
As you read the scroll of teleportation, it crumbles to dust.
You feel strangely unstable.
The rat twitches its whiskers.
The rat bites you.
You die...

##.# #.## ##.# #.## ##.#
#.## ## ####.## #.#
###..##.##.# ##..#.##%#@#
##..###.#.#r# ##.###
#...r## ###.#.# ##..r#.#
# #...#.###.#..##r# #.#
##.###.#..#.##%#r##....
##..##.#.######r##r......
.....%#### ##(r......#
......## #rrrr$....#


You could see 2 orange rats and a rat.

Vanquished Creatures
  A sky beast (D:5)
  An ogre (D:6)
  A phantom (D:4)
  A giant frog (D:6)
  A vampire bat (D:3)
  A centaur skeleton (D:4)
  A hound (D:5)
  An orc wizard (D:4)
  2 worker ants (D:4)
  5 adders
  4 green rats (D:6)
  3 worms
  A giant mite (D:6)
  A giant eyeball (D:4)
  2 giant geckos
  16 orcs
  15 bats
  7 giant cockroaches
  3 grey rats (D:6)
  9 hobgoblins
  2 jackals (D:2)
  8 kobolds
  A giant gecko zombie (D:5)
  3 giant newts
  14 goblins
  27 rats
  A rat skeleton (D:6)
132 creatures vanquished.

Notes
Turn   | Place    | Note
--------------------------------------------------------------
     0 | D:1      | HollowCharge, the Ogre Gladiator, began the quest for the Orb.
     0 | D:1      | Reached XP level 1. HP: 22/22 MP: 1/1
   339 | D:1      | Reached XP level 2. HP: 16/31 MP: 2/2
  1012 | D:2      | Paralysed by a potion of paralysis for 5 turns
  1145 | D:2      | Found a snail-covered altar of Cheibriados.
  1181 | D:2      | Reached XP level 3. HP: 31/37 MP: 3/3
  2246 | D:2      | Reached skill level 5 in Maces & Flails
  2246 | D:2      | Reached XP level 4. HP: 17/48 MP: 4/4
  3370 | D:3      | Reached XP level 5. HP: 51/55 MP: 5/5
  4021 | D:4      | Reached skill level 5 in Fighting
  4193 | D:4      | Paralysed by a giant eyeball for 3 turns
  4203 | D:4      | Paralysed by a giant eyeball for 2 turns
  4236 | D:4      | Reached XP level 6. HP: 38/66 MP: 6/6
  4617 | D:4      | Reached skill level 6 in Maces & Flails
  4805 | D:5      | Entered Level 5 of the Dungeon
  4823 | D:5      | Found Caarer's Food Shop.
  4990 | D:5      | Found a staircase to the Ecumenical Temple.
  5012 | Temple   | Entered the Ecumenical Temple
  5053 | Temple   | Became a worshipper of Warmaster Okawaru
  5259 | D:5      | Reached XP level 7. HP: 21/75 MP: 7/7
  5868 | D:6      | Found a sparkling altar of Nemelex Xobeh.
  5903 | D:6      | Reached skill level 7 in Maces & Flails
  5903 | D:6      | Reached skill level 5 in Dodging
  6171 | D:6      | Found a radiant altar of Vehumet.
  6210 | D:6      | Found Qauvas' Antique Weapon Emporium.
  6245 | D:6      | Bought a runed mace for 96 gold pieces
  6920 | D:6      | HP: 1/76 [orange rat (20)]
  6925 | D:6      | Slain by a rat

Action                   |  1- 3 |  4- 6 |  7- 9 || total
-------------------------+-------+-------+-------++-------
Melee: Mace              |   140 |   237 |   163 ||   540
Throw: Throwing net      |       |    13 |     4 ||    17
  Use: Scroll            |     9 |     6 |     3 ||    18
       Potion            |     1 |     4 |     2 ||     7
 Stab: Held in net/web   |       |     1 |       ||     1
